 Dungeon Crawl Stone Soup version 0.28-a0-2-g643f2454ad (webtiles) character file.

Game seed: 14482624395082066360

48 Zonian the Conjurer (level 3, -1/16 HPs)
             Began as a Vine Stalker Conjurer on July 23, 2021.
             Slain by a goblin (3 damage)
             ... led by Robin
             ... on level 1 of the Dungeon.
             The game lasted 00:02:07 (2169 turns).

Zonian the Conjurer (Vine Stalker Conjurer)         Turns: 2169, Time: 00:02:07

Health: -1/16      AC:  2    Str:  9    XL:     3   Next: 72%
Magic:  0/7        EV: 12    Int: 19    God:
Gold:   40         SH:  0    Dex: 12    Spells: 3/6 levels left

rFire   . . .      SeeInvis .   e - +0 short sword
rCold   . . .      Faith    .   (no shield)
rNeg    . . .      Spirit   +   a - +0 robe
rPois   .          Reflect  .   (no helmet)
rElec   .          Harm     .   (no cloak)
rCorr   .          Rampage  .   (no gloves)
Will    .....                   (no boots)
Stlth   ++........              (no amulet)
HPRegen 0.05/turn               (no ring)
MPRegen 0.10/turn               (no ring)

@: no status effects
A: fangs 2, magic shield, antimagic bite, no potion heal 2
a: no special abilities


You were on level 1 of the Dungeon.
You visited 1 branch of the dungeon, and saw 2 of its levels.

You collected 40 gold pieces.

Inventory:

Hand Weapons
 e - a +0 short sword (weapon)
Armour
 a - a +0 robe (worn)
Scrolls
 f - 3 scrolls of identify {unknown}
Potions
 b - a potion of attraction {unknown}
 c - 2 potions of degeneration {unknown}
 d - 2 potions of curing {unknown}


   Skills:
 + Level 1.7 Dodging
 + Level 2.9 Stealth
 + Level 2.4 Spellcasting
 + Level 4.9 Conjurations


You had 3 spell levels left.
You knew the following spells:

 Your Spells              Type           Power      Damage    Failure   Level
a - Magic Dart            Conj           80%        1d7       2%          1
b - Searing Ray           Conj           40%        3d4       3%          2

Your spell library contained the following spells:

 Spells                   Type           Power      Damage    Failure   Level
 Dazzling Flash           Conj/Hex       22%        N/A       19%         3
 Fulminant Prism          Conj/Hex       5%         3d7       52%         4
 Iskenderun's Mystic Bla  Conj/Tloc      11%        2d4       52%         4


Dungeon Overview and Level Annotations

Branches:
Dungeon (2/15)

Altars:

Shops:
D:1 *


Innate Abilities, Weirdness & Mutations

You have extremely sharp teeth.
When hurt, damage is shared between your health and your magic reserves.
Your bite disrupts and absorbs the magic of your enemies.
Potions cannot restore your health.


Message History

You see here a +0 club.
There is a stone staircase leading down here.
You climb downwards.
A hobgoblin comes into view.
The goblin misses you.
There is a stone staircase leading up, spattered with blood here.
Unknown command.
The magic dart hits the goblin.
The goblin is severely wounded.
The goblin shouts!
The goblin hits you with a +0 dagger.
The goblin throws a stone.
The stone hits you.
The magic dart hits the goblin!
You kill the goblin!
The hobgoblin hits you.
The goblin throws a stone.
The stone closely misses you.
Unknown command.
You hit the hobgoblin.
You bite the hobgoblin, but do no damage.
The hobgoblin is moderately wounded.
The hobgoblin hits you.
You barely miss the hobgoblin.
The hobgoblin is moderately wounded.
A goblin comes into view. It is wielding a +0 club.
The hobgoblin hits you. The goblin misses you.
Unknown command.
The goblin closely misses you. The hobgoblin hits you.
The goblin barely misses you.
You climb upwards.
There is a stone staircase leading down here.
Unknown command.
The goblin misses you.
The goblin hits you with a +0 dagger of holy wrath.
* * * LOW HITPOINT WARNING * * *
The hobgoblin barely misses you.
You see here a +0 club.
The goblin closely misses you.
The goblin throws a stone.
The stone closely misses you. The hobgoblin barely misses you.
The goblin hits you with a +0 club.
You die...

#.#.........#
#............#
#.#.........#
#............#
#.#.........#
#............#
#.#.........#
#............#
#.##........#
###.##.#######
...#........# #.##.#
#...........# #.##.#
##.#........######g##.##
##.#.####'#.....@gg>#..#
##.#......#.######..##.#
#########.#.# #.##..#
....# ###.# #.##.##
##..# #.# #.##.#
....#######.# ##.##.##
....#.......# #..##..#
###.#.####### #.####.#
....#.# #.# #..#


You could see a hobgoblin and 2 goblins.

Vanquished Creatures
  Robin (D:2)
  A dart slug (D:1)
  3 ball pythons (D:1)
  An endoplasm (D:1)
  A giant cockroach (D:1)
  8 goblins
  3 hobgoblins
  3 jackals (D:2)
  A kobold (D:1)
  A quokka (D:1)
  3 bats (D:1)
  2 frilled lizards (D:1)
  3 rats (D:1)
31 creatures vanquished.

Notes
Turn   | Place    | Note
-------+----------+-------------------------------------------
     0 | D:1      | Zonian the Vine Stalker Conjurer began the quest for the
                  | Orb.
     0 | D:1      | Reached XP level 1. HP: 9/9 MP: 4/4
   262 | D:1      | Reached XP level 2. HP: 13/13 MP: 0/6
   710 | D:1      | Found Coinic's Assorted Antiques.
   875 | D:1      | Learned a level 2 spell: Searing Ray
   903 | D:1      | Reached XP level 3. HP: 16/16 MP: 4/7
  1117 | D:1      | Found a faded altar of an unknown god.
  1302 | D:2      | Noticed Robin
  1829 | D:2      | Killed Robin
  2169 | D:1      | Slain by a goblin

Illustrated notes

Levels and vault maps discovered:
D:1:      dpeg_arrival_simpleton_b, layout_basic, serial_shops,
          nicolae_shop_behind_doors, shapermc_ecumenical_altar_notcrosses,
          kennysheep_decorative_pillar
D:2:      layout_basic, serial_shops, shop, shop,
          nicolae_shop_competitors_out_of_business, uniq_robin

Action                   || total
-------------------------++-------
Melee: Short sword       ||    17
       Bite              ||     3
 Cast: Magic Dart        ||    52
       Searing Ray       ||     1
Armor: Robe              ||     5
Dodge: Dodged            ||    24

Table legend: (Time is in decaauts)
 A = Elapsed time spent in this place.
 B = Non-inter-level travel time spent in this place.
 C = Inter-level travel time spent in this place.
 D = Time resting spent in this place.
 E = Time spent auto-exploring this place.
 F = Levels seen in this place.
 G = Mean time per level.
                   A        B        C        D        E       F      G
               +--------+--------+--------+--------+--------+-----+--------+
         Total |   2174 |   2143 |     31 |    902 |   1041 |   2 | 1087.0 |
       Dungeon |   2174 |   2143 |     31 |    902 |   1041 |   2 | 1087.0 |
               +--------+--------+--------+--------+--------+-----+--------+

Top non-repeatable levels by time:
     D:1: 2041 daAuts
     D:2: 133 daAuts
